 Dungeon Crawl Stone Soup version 0.31-a0-441-g867994ef1c (webtiles) character file.

Game seed: 8264481297324547565

1881023 Midn8 the Conqueror (level 24, 224/224 HPs)
             Began as a Minotaur Wanderer on Aug 2, 2023.
             Was the Champion of Okawaru.
             Escaped with the Orb
             ... and 3 runes!
             The game lasted 03:04:49 (52059 turns).

Midn8 the Conqueror (Minotaur Wanderer)            Turns: 52059, Time: 03:04:50

Health: 224/224    AC: 49    Str: 26 (27) XL:     24   Next: 72%
Magic:  31/31      EV: 11    Int:  4 (6)  God:    Okawaru [******]
Gold:   4549       SH: 13    Dex: 16      Spells: 23/23 levels left

rFire   + . .        C - +7 sceptre of Torment {pain, torment}
rCold   + + .        F - +0 kite shield {rC+}
rNeg    . . .        g - +8 gold dragon scales
rPois   +            i - +2 hat "Foqarux" {+Blink}
rElec   .            J - +2 cloak
rCorr   .            b - +1 pair of gloves of Mawyh {Contam Rampage Regen+ Stlth+}
SInv    +            W - +2 pair of boots of Xukixzy {Int+3}
Will    ++...        V - amulet of regeneration
Stlth   x              - +4 ring of protection
HPRegen 0.00/turn    Q - ring of willpower
MPRegen 0.22/turn

%: rampage
@: inhibited regen, studying Maces & Flails
A: horns 2, retaliatory headbutt, iridescent scales 1, see invisible, dopey 1,
frail 1, inhibited regeneration, wild magic 1, noise suppression
0: Orb of Zot
}: 3/15 runes: barnacled, silver, gossamer
a: Renounce Religion, Evoke Blink, Heroism, Finesse, Duel


You escaped.
You worshipped Okawaru.
Okawaru was exalted by your worship.
You visited 8 branches of the dungeon, and saw 44 of its levels.
You also visited: Ice Cave and Volcano.

You collected 7991 gold pieces.
You spent 3442 gold pieces at shops.

Inventory:

Hand Weapons
 u - a +9 demon whip of flaming
 C - the +7 sceptre of Torment (weapon) {pain, torment}
   (You took it off a frost giant on level 5 of the Vaults)
Missiles
 a - 5 datura-tipped darts
 r - 24 silver javelins
 w - 8 throwing nets
 D - 13 curare-tipped darts
 G - 28 javelins
 L - 59 poisoned darts
 M - 35 boomerangs (quivered)
 S - 9 atropa-tipped darts
Armour
 b - the +1 pair of gloves of Mawyh (worn) {Contam Rampage Regen+ Stlth+}
   (You found it on level 3 of the Lair of Beasts)

   Contam:    It causes magical contamination when unequipped.
   Regen:     It increases your rate of health regeneration.
   Rampage:   It bestows one free step when moving towards enemies.
   Stlth:     It makes you more stealthy.
 g - +8 gold dragon scales (worn)
 i - the +2 hat "Foqarux" (worn) {+Blink}
   (You found it on level 4 of the Shoals)

   +Blink:    It lets you blink.
 j - the +18 shield of the Gong {Loud rN+ Will+ rCorr EV-5}
   (You found it on level 5 of the Vaults)

   Loud:      It is deafeningly noisy when blocking attacks.
   EV:        It affects your evasion (-5).
   rN:        It protects you from negative energy.
   rCorr:     It protects you from acid and corrosion.
   Will:      It increases your willpower.
 F - a +0 kite shield of cold resistance (worn)
 J - a +2 cloak (worn)
 W - the +2 pair of boots of Xukixzy (worn) {Int+3}
   (Okawaru gifted it to you on level 1 of the Spider Nest)

   Int:       It affects your intelligence (+3).
Jewellery
 x - a +4 ring of protection (left hand)
 B - a ring of see invisible
 Q - a ring of willpower (right hand)
 V - an amulet of regeneration (around neck)
 X - the ring of Disirpha {Wiz rElec rN+}
   (You found it on level 4 of the Spider Nest)

   [ring of wizardry]

   It improves your spell success rate.
   rElec:     It insulates you from electricity.
   rN:        It protects you from negative energy.
Wands
 l - a wand of quicksilver (41)
 A - a wand of polymorph (3)
 N - a wand of roots (34)
 O - a wand of paralysis (33)
 P - a wand of flame (22)
 Y - a wand of digging (14)
Scrolls
 d - 10 scrolls of fog
 h - 6 scrolls of poison
 p - 4 scrolls of amnesia
 t - 11 scrolls of teleportation
 z - 4 scrolls of vulnerability
 K - 3 scrolls of silence
 R - 3 scrolls of fear
 U - 2 scrolls of revelation
Potions
 c - 6 potions of brilliance
 f - 6 potions of haste
 m - 5 potions of might
 n - 5 potions of invisibility
 o - 8 potions of enlightenment
 q - 5 potions of ambrosia
 s - 19 potions of curing
 v - 7 potions of berserk rage
 y - a potion of heal wounds
 H - a potion of magic
 Z - 4 potions of cancellation
Miscellaneous
 e - a lightning rod (4/4)
 E - a tin of tremorstones (2/2)


   Skills:
 O Level 27 Fighting
 - Level 8.0 Long Blades
 - Level 20.0 Maces & Flails
 - Level 22.0 Throwing
 - Level 20.0 Armour
 + Level 11.4 Dodging
 - Level 14.0 Shields
 - Level 8.4 Necromancy
 - Level 12.0 Invocations
 - Level 12.0 Evocations


You had 23 spell levels left.
You didn't know any spells.
Your spell library contained the following spells:

 Spells                   Type           Power      Damage    Failure   Level
 Sublimation of Blood     Necr           8%         N/A       58%         2
 Vampiric Draining        Necr           8%         2d6       82%         3
 Kiss of Death            Conj/Necr      16%        2d6       95%         1
 Dispel Undead            Necr           8%         3d8       99%         4
 Apportation              Tloc           0%         N/A       100%        1
 Foxfire                  Conj/Fire      0%         2x1d4     100%        1
 Freeze                   Ice            0%         1d3       100%        1
 Sandblast                Erth           0%         2d4       100%        1
 Shock                    Conj/Air       0%         1d3       100%        1
 Slow                     Hex            0%         N/A       100%        1
 Sting                    Tmut/Pois      0%         1d3       100%        1
 Blink                    Tloc           0%         N/A       100%        2
 Cigotuvi's Dreadful Rot  Necr/Pois/Air  4%         N/A       100%        2
 Ensorcelled Hibernation  Hex/Ice        0%         N/A       100%        2
 Lesser Beckoning         Tloc           0%         N/A       100%        2
 Momentum Strike          Conj/Tloc      0%         3d8       100%        2
 Passwall                 Tmut/Erth      0%         N/A       100%        2
 Poisonous Vapours        Pois/Air       0%         N/A       100%        2
 Scorch                   Fire           0%         2d5       100%        2
 Wereblood                Tmut           0%         N/A       100%        2
 Confusing Touch          Hex            0%         N/A       100%        3
 Dazzling Flash           Conj/Hex       0%         N/A       100%        3
 Gell's Gravitas          Tloc           0%         N/A       100%        3
 Inner Flame              Hex/Fire       0%         N/A       100%        3
 Ozocubu's Armour         Ice            0%         N/A       100%        3
 Portal Projectile        Hex/Tloc       0%         N/A       100%        3
 Stone Arrow              Conj/Erth      0%         3d7       100%        3
 Swiftness                Air            0%         N/A       100%        3
 Teleport Other           Tloc           0%         N/A       100%        3
 Vhi's Electric Charge    Tloc/Air       0%         N/A       100%        3
 Volatile Blastmotes      Fire/Tloc      0%         2d10      100%        3
 Airstrike                Air            0%         2d(0-16)  100%        4
 Flame Wave               Conj/Fire      0%         2d4       100%        4
 Fulminant Prism          Conj/Hex       0%         3d5       100%        4
 Iskenderun's Mystic Bla  Conj/Tloc      0%         2d3       100%        4
 Manifold Assault         Tloc           0%         N/A       100%        4
 Olgreb's Toxic Radiance  Pois           0%         N/A       100%        4
 Passage of Golubria      Tloc           0%         N/A       100%        4
 Petrify                  Tmut/Erth      0%         N/A       100%        4
 Sticky Flame             Conj/Fire      0%         2d3       100%        4
 Alistair's Intoxication  Tmut/Pois      0%         N/A       100%        5
 Arcjolt                  Conj/Air       0%         1d10      100%        5
 Fireball                 Conj/Fire      0%         3d3       100%        5
 Irradiate                Conj/Tmut      0%         3d11      100%        5
 Iskenderun's Battlesphe  Conj           0%         2d6       100%        5
 Lee's Rapid Deconstruct  Erth           0%         3d4*      100%        5
 Yara's Violent Unravell  Hex/Tmut       0%         3d3       100%        5
 Conjure Ball Lightning   Conj/Air       0%         3x3d6     100%        6
 Dispersal                Tloc           0%         N/A       100%        6
 Leda's Unmaking          Conj/Erth      0%         9d1       100%        6
 Plasma Beam              Fire/Air       0%         2x1d10    100%        6
 Starburst                Conj/Fire      0%         6d3       100%        6
 Enfeeble                 Hex            0%         N/A       100%        7
 Orb of Destruction       Conj           0%         9d5       100%        7
 Ozocubu's Refrigeration  Ice            0%         4d7       100%        7
 Discord                  Hex            0%         N/A       100%        8
 Disjunction              Tloc           0%         N/A       100%        8
 Ignition                 Fire           0%         3d3       100%        8
 Lehudib's Crystal Spear  Conj/Erth      0%         10d2      100%        8
 Maxwell's Capacitive Co  Air            0%         ∞         100%        8
 Fire Storm               Conj/Fire      0%         5d1       100%        9
 Tukima's Dance           Hex            Unusable   N/A       N/A         3
 Death Channel            Necr           Unusable   N/A       N/A         6
 Simulacrum               Ice/Necr       Unusable   N/A       N/A         6
 Spellforged Servitor     Conj/Summ      Unusable   N/A       N/A         7
 Summon Hydra             Summ           Unusable   N/A       N/A         7

Dungeon Overview and Level Annotations

Branches:
Dungeon (15/15)            Temple (0/1) D:5            Lair (5/5) D:9
 Shoals (4/4) Lair:3       Spider (4/4) Lair:3        Slime (0/5) Lair:5
    Orc (2/2) D:9             Elf (0/3) Orc:2        Vaults (5/5) D:13
  Crypt (0/3) Vaults:3     Depths (4/4) D:15            Zot (5/5) Depths:4
  IceCv (visited)         Volcano (visited)

Altars:
Cheibriados
Dithmenos
Elyvilon
Fedhas
Gozag
Kikubaaqudgha
Makhleb
Okawaru
Qazlal
Ru
Trog
Uskayaw
Vehumet
Yredelemnul
The Shining One

Shops:
Orc:1 (   Orc:2 !:[[   Shoals:1 [(?:   Vaults:3 *   Depths:2 [(

Portals:
Hell: Depths:1 Depths:2 Depths:3 Depths:4
Abyss: Depths:1 Depths:2 Depths:3 Depths:4
Pandemonium: Depths:1 Depths:2 Depths:3
Ziggurat: Depths:4
Trove: Depths:4 (give +3 shadow dragon scales)

Annotations:
D:12 2 transporters, arthad's ghost, journeyman GrFi
Spider:1 Roxanne
Spider:4 exclusion: 3 doors


Innate Abilities, Weirdness & Mutations

You have a pair of horns on your head.
You reflexively headbutt those who attack you in melee.
You are partially covered in iridescent scales. (AC +2)
You have supernaturally acute eyesight. (SInv)
You are dopey. (Int -2)
You are frail. (-10% HP)
You do not regenerate when monsters are visible.
Your spells are a little harder to cast, but a little more powerful.
You passively dampen the noise of your surroundings.


Message History

(V) Vaults (C) Crypt (U) Depths (H) Hell (Z) Zot
Where to? (Enter - D:1 @ (x,y), ? - help)
There is an open door here.
There is a stone staircase leading up here.
You climb upwards.
There is a stone staircase leading down here.
There is a stone staircase leading up here.
You climb upwards.
There is a stone staircase leading down here.
You see here a +0 robe.
An ice devil comes into view.
You rampage towards the ice devil!
The ice devil hits you but does no damage.
You barely miss the ice devil. You headbutt the ice devil!
The ice devil is moderately wounded.
You hit the ice devil. You headbutt the ice devil.
The ice devil is heavily wounded.
You block the ice devil's attack.
You bludgeon the ice devil!!
You kill the ice devil!
Okawaru accepts your kill.
No target in view!
(D) Dungeon (T) Temple (L) Lair (A) Shoals (N) Spider Nest (M) Slime Pits (O) Orcish Mines (E) Elven Halls (V) Vaults (C) Crypt (U) Depths (H) Hell (Z) Zot
Where to? (Enter - D:1 @ (x,y), ? - help)
You see here 2 stones.
An ice devil comes into view.
The ice devil hits you but does no damage.
The ice devil barely misses you. The ice devil attacks as you move away!
You block the ice devil's attack.
There is an open door, spattered with blood here.
You see here a +0 short sword.
The ice devil attacks as you move away!
The ice devil hits you but does no damage.
There is a staircase leading out of the dungeon here.
You block the ice devil's attack.
You have escaped!

##.# #.#.# #....#.######## ##.#
#.#.# #.##.#.........
...####.#.#########....##########
####.............................
..........#####..####.###########
......##########+# #.# #...
.............###.# #.# ##...
...##.######.#P~.♣###.# #####....
.............#P~@.'...# #........
.#..#.#......#P~4♣##..###.###...#
......#......###.# ##............
.#..........####)# #####.#######
.####.#.....###..###### #.#######
......#............##.# #.#......
...................##.###.#......
...#...............##.[..........
.#.###.............##...........#


You could see an ice devil.

Vanquished Creatures
  9 orbs of fire (Zot:5)
  5 ancient liches
  3 dread liches
  A juggernaut (Depths:2)
  Sojobo (Vaults:5)
  Frederick (Vaults:5)
  3 Killer Klowns (Zot:5)
  Parghit (Depths:4)
  Margery (Vaults:2)
  Saint Roka (Vaults:4)
  3 golden dragons
  Jory (Vaults:5)
  A bone dragon (Depths:3)
  Arachne (Spider:4)
  An electric golem (Zot:5)
  A walking crystal tome (Depths:4)
  19 tentacled monstrosities
  25 Orb Guardians
  5 liches
  2 titans
  A walking frostbound tome (Depths:4)
  3 quicksilver dragons (Vaults:5)
  A kraken (Shoals:2)
  A sphinx (Shoals:4)
  Frances (D:12)
  4 ancient champions (Depths:4)
  7 tengu reavers
  Donald (Spider:1)
  9 storm dragons
  4 death cobs
  5 shadow dragons
  An Executioner (Zot:1)
  5 azure jellies (Lair:5)
  13 frost giants
  A draconian scorcher (Depths:4)
  The ghost of Twinkles the Warrior, a journeyman DrSh of Qazlal (D:15)
  A fenstrider witch (shapeshifter) (Vaults:5)
  Ilsuiw (Shoals:3)
  9 fire giants
  An emperor scorpion (Spider:3)
  15 vault wardens
  10 ghost moths
  2 orc warlords
  4 spectral caustic shrikes (Depths:3)
  A broodmother (Spider:2)
  A draconian stormcaller (Depths:4)
  2 stone giants (shapeshifter) (Vaults:5)
  A cacodemon (Depths:1)
  19 stone giants
  14 ironbound preservers
  A formless jellyfish (Vaults:2)
  21 very ugly things
  A white draconian (Depths:4)
  3 war gargoyles
  2 vampire knights
  Nessos (D:13)
  3 ironbound thunderhulks
  A deep elf demonologist (Vaults:5)
  3 dire elephants (Vaults:4)
  A green draconian (Zot:2)
  2 black draconians
  Azrael (D:13)
  2 red draconians
  2 purple draconians (Depths:4)
  4 yellow draconians
  A deep elf annihilator (Vaults:5)
  3 minotaurs (Shoals:4)
  A dire elephant (shapeshifter) (Vaults:5)
  11 spark wasps
  A deep elf death mage (Vaults:5)
  12 yaktaur captains
  10 fire dragons
  4 merfolk javelineers
  Josephine (D:12)
  4 crystal guardians
  15 ettins
  6 entropy weavers
  7 merfolk impalers
  2 deep elf high priests
  Erolcha (D:13)
  9 great orbs of eyes
  12 ice dragons
  6 hydras
  6 rakshasas
  35 vault guards
  4 peacekeepers
  2 radroaches
  2 alligator snapping turtles
  4 catoblepae
  Fannar (D:11)
  A spriggan skeleton (Depths:3)
  6 ogre magi
  7 boulder beetles
  A hell beast (D:3)
  7 centaur warriors
  4 merfolk avatars
  10 ironbound frosthearts
  14 two-headed ogres
  3 jorogumos (Spider:4)
  3 spriggan air magi
  8 tengu warriors
  16 death yaks
  6 deep troll shamans
  2 orc high priests
  10 deep troll earth magi
  9 satyrs (Shoals:4)
  13 demonic crawlers
  A vampire mage (Depths:1)
  14 hell knights
  A sun demon (D:3)
  Nergalle (Orc:2)
  5 spriggan berserkers
  7 skeletal warriors
  A sixfirhy (Depths:3)
  A titan skeleton (Depths:2)
  10 skysharks
  A sun moth (Spider:4)
  5 iron trolls
  2 shadow wraiths (Vaults:5)
  A glowing orange brain (shapeshifter) (Vaults:5)
  A flayed ghost (Depths:2)
  11 orb spiders
  9 sea snakes
  A bog body (IceCv)
  4 glowing orange brains
  A sphinx zombie (Depths:2)
  8 pharaoh ants
  53 deep trolls
  3 wizards
  33 harpies
  5 steelbarb worms
  3 deep elf pyromancers
  2 golden dragon skeletons
  4 phantasmal warriors (Vaults:5)
  15 ironbound convokers
  21 lindwurms
  33 ugly things
  2 oklob plants
  8 necromancers
  16 orc knights
  9 cyclopes
  19 wolf spiders
  A wolf spider (shapeshifter) (Depths:2)
  7 moths of wrath
  18 manticores
  12 orc sorcerers
  A tengu skeleton (Vaults:3)
  A moth of wrath (shapeshifter) (Vaults:5)
  4 human skeletons (Vaults:3)
  A guardian serpent (shapeshifter) (D:15)
  12 fauns
  4 stone giant skeletons (Vaults:3)
  A frost giant skeleton (Vaults:3)
  8 merfolk sirens
  6 elephants (Lair:4)
  An elephant (shapeshifter) (D:15)
  3 water nymphs
  An iron dragon skeleton (Depths:2)
  22 vault sentinels
  3 smoke demons (Depths:1)
  12 torpor snails
  4 rust devils (Depths:1)
  5 cane toads
  An elf skeleton (Vaults:3)
  2 ice statues (IceCv)
  An orange demon (Depths:1)
  7 black mambas
  5 rime drakes
  2 hellions
  6 unseen horrors
  2 freezing wraiths
  14 komodo dragons
  An efreet (D:15)
  8 ice devils
  5 tengu conjurers
  A tormentor (Depths:3)
  40 yaktaurs
  3 anaconda simulacra (IceCv)
  2 yaktaur skeletons (Vaults:3)
  32 merfolk
  A meliai (shapeshifter) (Vaults:5)
  8 meliai
  3 red devils
  4 polar bears
  12 trolls
  7 hellwings
  8 hornets
  4 tyrant leeches (Lair:5)
  8 large abominations (Depths:4)
  28 tarantellas
  16 dream sheep
  4 wind drakes
  8 blink frogs
  5 snapping turtles
  A dream sheep (shapeshifter) (Depths:4)
  2 centaur simulacra (D:11)
  A shadow (D:12)
  15 culicivoras
  30 slime creatures
  28 jumping spiders
  A ynoxinul (D:4)
  A spriggan (Depths:2)
  12 water elementals
  54 yaks
  A wyvern (Lair:3)
  A vampire (D:12)
  2 dire elephant simulacra (IceCv)
  2 fire bats (Volcano)
  9 basilisks
  6 wraiths
  A fire elemental (D:13)
  42 redbacks
  A steam dragon (D:9)
  11 vampire mosquitoes
  2 harpy simulacra (IceCv)
  A chaos spawn (Depths:4)
  5 wargs
  A death yak simulacrum (IceCv)
  4 acid dragons
  2 swamp worms (shapeshifter) (Depths:2)
  6 water moccasins
  3 hydra simulacra (IceCv)
  3 glowing shapeshifter skeletons
  A floating eye (Depths:1)
  A floating eye (shapeshifter) (Depths:2)
  31 orc warriors
  7 hell hounds
  12 ice beasts
  A sky beast (D:7)
  10 ogres
  A meliai simulacrum (D:14)
  5 boggarts (D:15)
  26 wolves
  6 centaurs
  7 kobold brigands
  3 small abominations (Depths:4)
  10 bullfrogs
  4 gnoll sergeants
  4 scorpions
  A two-headed ogre simulacrum (IceCv)
  13 wights
  5 killer bees (D:9)
  2 electric eels
  3 howler monkeys
  A lava snake (D:10)
  17 orc priests
  2 hounds
  2 jellies
  2 gnoll boudas
  Crazy Yiuf (D:2)
  Jessica (D:2)
  2 iguanas
  37 orc wizards
  4 adders
  17 gnolls
  A naga simulacrum (IceCv)
  A shadow imp (D:5)
  7 white imps
  A howler monkey simulacrum (D:11)
  3 ufetubi
  2 worms (D:2)
  A dart slug (D:2)
  100 orcs
  6 ball pythons
  5 bats
  6 endoplasms
  3 giant cockroaches (D:1)
  A goblin (D:3)
  9 hobgoblins
  4 jackals (D:4)
  7 quokkas
  3 frilled lizards
  15 kobolds
  6 rats
  2 tentacles (Shoals:2)
1908 creatures vanquished.

Vanquished Creatures (others)
  A fire giant (Vaults:5)
  A vault guard (Vaults:5)
  A redback (Spider:4)
  4 tentacles (Shoals:2)
7 creatures vanquished.

Grand Total: 1915 creatures vanquished

Notes
Turn   | Place    | Note
-------+----------+-------------------------------------------
     0 | D:1      | Midn8 the Minotaur Wanderer began the quest for the Orb.
     0 | D:1      | Midn8 set off with the following items: a +3 falchion, a +0
                  | buckler, a potion of brilliance, a +0 leather armour.
     0 | D:1      | Reached XP level 1. HP: 22/22 MP: 0/0
   218 | D:1      | Reached XP level 2. HP: 28/28 MP: 1/1
   627 | D:1      | Reached XP level 3. HP: 35/35 MP: 2/2
  1000 | D:2      | Noticed Jessica
  1005 | D:2      | Killed Jessica
  1094 | D:2      | Reached XP level 4. HP: 39/41 MP: 3/3
  1305 | D:2      | Reached skill level 1 in Armour
  1343 | D:2      | Found a faded altar of an unknown god.
  1376 | D:2      | Prayed at the altar of an unknown god.
  1376 | D:2      | Became a worshipper of Warmaster Okawaru
  1376 | D:2      | Reached * piety under Okawaru
  1751 | D:2      | Found a runed translucent door.
  1752 | D:2      | Noticed Crazy Yiuf
  1754 | D:2      | Identified the +4 hammer "Zuva Uta" {drain, Str+3}
  1997 | D:3      | Reached XP level 5. HP: 47/47 MP: 4/4
  2661 | D:3      | Found a bloodstained altar of Trog.
  3527 | D:5      | Entered Level 5 of the Dungeon
  3630 | D:5      | Reached skill level 5 in Fighting
  3630 | D:5      | Reached XP level 6. HP: 56/56 MP: 5/5
  3656 | D:5      | Reached skill level 6 in Fighting
  3796 | D:5      | Found a staircase to the Ecumenical Temple.
  3800 | D:5      | Reached skill level 1 in Maces & Flails
  3907 | D:5      | Noticed an ice beast
  3911 | D:5      | Killed an ice beast
  3985 | D:5      | Reached XP level 7. HP: 44/63 MP: 6/6
  4125 | D:5      | Reached ** piety under Okawaru
  4126 | D:5      | Reached skill level 5 in Maces & Flails
  4164 | D:5      | Found the +3 giant club "Skullcrusher" {speed, Str+7}
  5205 | D:6      | Reached skill level 1 in Invocations
  5205 | D:6      | Reached XP level 8. HP: 70/70 MP: 6/8
  5510 | D:7      | Identified 3 scrolls of acquirement
  5510 | D:7      | Acquired the +1 hat "Sosafeug" {Harm}
  5512 | D:7      | Acquired the +0 buckler "Teotaobb" {Will+ Str+3}
  5940 | D:7      | Reached *** piety under Okawaru
  6248 | D:7      | Found a shadowy altar of Dithmenos.
  6471 | D:8      | Reached skill level 10 in Maces & Flails
  6594 | D:8      | Reached XP level 9. HP: 78/78 MP: 11/11
  6597 | D:8      | Reached skill level 7 in Fighting
  6743 | D:8      | Found a stormy altar of Qazlal.
  7386 | D:9      | Reached skill level 8 in Fighting
  7526 | D:9      | Acquired 1196 gold pieces
  7531 | D:9      | Noticed a polar bear
  7542 | D:9      | Reached **** piety under Okawaru
  7551 | D:9      | Killed a polar bear
  7614 | D:9      | Acquired a ring "Rudufaod" {rPois AC+4 Str-5 Stlth+}
  7632 | D:9      | Found a staircase to the Lair.
  7652 | D:9      | Noticed a rime drake
  7658 | D:9      | Killed a rime drake
  7659 | D:9      | Reached skill level 5 in Armour
  7925 | D:9      | Reached XP level 10. HP: 89/89 MP: 10/12
  7934 | D:9      | Reached ***** piety under Okawaru
  7938 | D:9      | Reached skill level 9 in Fighting
  7954 | D:9      | Reached skill level 10 in Fighting
  8267 | D:9      | Found a staircase to the Orcish Mines.
  8305 | D:9      | Reached skill level 11 in Fighting
  9140 | D:10     | Entered Level 10 of the Dungeon
  9167 | D:9      | Reached skill level 12 in Fighting
  9532 | D:10     | Reached skill level 5 in Invocations
  9595 | D:10     | Noticed a cyclops
  9615 | D:10     | Killed a cyclops
  9617 | D:10     | Reached skill level 1 in Throwing
  9819 | D:10     | Identified the +5 great mace "Bumietui" {drain, Will+
                  | Stlth+} (Okawaru gifted it to you on level 10 of the
                  | Dungeon)
  9819 | D:10     | Received a gift from Okawaru
  9827 | D:10     | Reached XP level 11. HP: 82/104 MP: 10/14
  9954 | D:10     | Noticed a boulder beetle
  9966 | D:10     | Killed a boulder beetle
 10088 | D:10     | Found a snail-covered altar of Cheibriados.
 10091 | D:10     | Found a blossoming altar of Fedhas.
 10092 | D:10     | Found a glowing golden altar of the Shining One.
 10120 | D:10     | Found an opulent altar of Gozag.
 10121 | D:10     | Found a white marble altar of Elyvilon.
 10123 | D:10     | Found an iron altar of Okawaru.
 10123 | D:10     | Found a hide-covered altar of Uskayaw.
 10124 | D:10     | Found a burning altar of Makhleb.
 10126 | D:10     | Found a sacrificial altar of Ru.
 10130 | D:10     | Found a radiant altar of Vehumet.
 10131 | D:10     | Found a basalt altar of Yredelemnul.
 10156 | D:10     | Reached skill level 5 in Throwing
 10496 | Lair:1   | Entered Level 1 of the Lair of Beasts
 10892 | Lair:1   | Identified the +2 robe "Vabracy" {rF++ Regen+ rCorr Str+3}
                  | (Okawaru gifted it to you on level 1 of the Lair of Beasts)
 10892 | Lair:1   | Received a gift from Okawaru
 11017 | Lair:1   | Reached skill level 13 in Fighting
 11760 | Lair:2   | Reached skill level 14 in Fighting
 11776 | Lair:2   | Noticed a skyshark
 11794 | Lair:2   | Killed a skyshark
 11953 | Lair:2   | Got the Codex of Enthralling Lithomancy
 12070 | Lair:2   | Reached skill level 15 in Fighting
 12225 | Lair:2   | Reached XP level 12. HP: 115/119 MP: 13/15
 12628 | Lair:2   | Reached ****** piety under Okawaru
 12628 | Lair:2   | Received a gift from Okawaru
 12788 | Lair:3   | Noticed a catoblepas
 12804 | Lair:3   | Killed a catoblepas
 13289 | Lair:3   | Received a gift from Okawaru
 13391 | Lair:3   | Noticed a death yak
 13391 | Lair:3   | Noticed a death yak
 13412 | Lair:3   | Killed a death yak
 13499 | Lair:3   | Noticed a death yak
 13499 | Lair:3   | Noticed a death yak
 13499 | Lair:3   | Noticed a death yak
 13499 | Lair:3   | Noticed a death yak
 13522 | Lair:3   | Killed a death yak
 13533 | Lair:3   | Killed a death yak
 13538 | Lair:3   | Killed a death yak
 13545 | Lair:3   | Killed a death yak
 13755 | Lair:3   | Killed a death yak
 13756 | Lair:3   | Reached skill level 10 in Throwing
 13912 | Lair:3   | Found a hole to the Spider Nest.
 14065 | Lair:3   | Received a gift from Okawaru
 14259 | Lair:3   | Found a staircase to the Shoals.
 14524 | Lair:3   | Identified the +1 pair of gloves of Mawyh {Contam Rampage
                  | Regen+ Stlth+}
 14777 | Lair:4   | Reached skill level 16 in Fighting
 14778 | Lair:4   | Noticed a seven-headed hydra
 14789 | Lair:4   | Killed a seven-headed hydra
 14790 | Lair:4   | Reached XP level 13. HP: 93/129 MP: 11/16
 14854 | Lair:3   | Received a gift from Okawaru
 15007 | Lair:4   | Identified the +0 plate armour "Vexash" {Contam +Inv rElec
                  | rCorr} (Okawaru gifted it to you on level 4 of the Lair of
                  | Beasts)
 15007 | Lair:4   | Received a gift from Okawaru
 15008 | Lair:4   | Reached skill level 17 in Fighting
 15619 | Lair:4   | Reached skill level 10 in Armour
 16019 | Lair:5   | Entered Level 5 of the Lair of Beasts
 16213 | Lair:5   | Received a gift from Okawaru
 16268 | Lair:5   | Reached skill level 5 in Dodging
 16297 | Lair:5   | Reached XP level 14. HP: 115/140 MP: 13/17
 16342 | Lair:5   | Received a gift from Okawaru
 16424 | Lair:5   | Received a gift from Okawaru
 16578 | Lair:5   | Found a runed translucent door.
 16579 | Lair:5   | Noticed an azure jelly
 16579 | Lair:5   | Noticed an azure jelly
 16580 | Lair:5   | Noticed an azure jelly
 16580 | Lair:5   | Noticed an azure jelly
 16580 | Lair:5   | Noticed an azure jelly
 16581 | Lair:5   | Found a staircase to the Slime Pits.
 17084 | Lair:5   | Found a runed translucent door.
 17673 | D:11     | Noticed Fannar
 17694 | D:11     | Killed Fannar
 17774 | D:11     | Found a frozen archway.
 17816 | IceCv    | Entered an ice cave
 17900 | IceCv    | Reached skill level 18 in Fighting
 18304 | IceCv    | Got the Almanac of Snow
 18528 | D:11     | Received a gift from Okawaru
 18552 | D:11     | Reached skill level 19 in Fighting
 19217 | D:12     | Noticed arthad's ghost (journeyman GrFi)
 19217 | D:12     | Noticed Josephine
 19217 | D:12     | Found a transporter.
 19223 | D:12     | Killed Josephine
 19223 | D:12     | Received a gift from Okawaru
 19223 | D:12     | Found the +12 pair of quick blades "Gyre" and "Gimble"
                  | {protect}
 19332 | D:12     | Found a transporter.
 19498 | D:12     | Noticed Frances
 19517 | D:12     | Killed Frances
 19680 | D:12     | Found a hide-covered altar of Uskayaw.
 19752 | D:12     | Upgraded the game from 0.31-a0-435-g2c6fae2916 to
                  | 0.31-a0-441-g867994ef1c
 19856 | D:13     | Noticed Nessos
 19876 | D:13     | Killed Nessos
 19876 | D:13     | Received a gift from Okawaru
 19877 | D:13     | Reached XP level 15. HP: 148/152 MP: 20/20
 20007 | D:13     | Found a gate to the Vaults.
 20114 | D:13     | Noticed Azrael
 20127 | D:13     | Noticed Erolcha
 20142 | D:13     | Killed Azrael
 20266 | D:13     | Received a gift from Okawaru
 20305 | D:13     | Killed Erolcha
 20346 | D:13     | Received a gift from Okawaru
 20599 | Orc:1    | Entered Level 1 of the Orcish Mines
 20714 | Orc:1    | Found a bloodstained altar of Trog.
 20882 | Orc:1    | Found Kecuj Sina's Antique Weapon Shop.
 20907 | Orc:1    | Received a gift from Okawaru
 21402 | Orc:2    | Entered Level 2 of the Orcish Mines
 21439 | Orc:2    | Found a staircase to the Elven Halls.
 21500 | Orc:2    | Found a dark tunnel.
 21505 | Volcano  | Entered a volcano
 22117 | Orc:2    | Reached skill level 20 in Fighting
 22558 | Orc:2    | Found Raexubbu's Distillery.
 22572 | Orc:2    | Bought a potion of heal wounds for 55 gold pieces
 22572 | Orc:2    | Bought a potion of cancellation for 88 gold pieces
 22572 | Orc:2    | Bought a potion of berserk rage for 55 gold pieces
 22572 | Orc:2    | Bought 2 potions of invisibility for 176 gold pieces
 22572 | Orc:2    | Bought a potion of curing for 33 gold pieces
 22592 | Orc:2    | Found Poruef's Antique Armour Emporium.
 22615 | Orc:2    | Found an ancient bone altar of Kikubaaqudgha.
 22615 | Orc:2    | Noticed Nergalle
 22617 | Orc:2    | Received a gift from Okawaru
 22627 | Orc:2    | Killed Nergalle
 22632 | Orc:2    | Found Gojipur's Antique Armour Shoppe.
 22664 | Orc:2    | Found a radiant altar of Vehumet.
 22751 | Orc:2    | Found Ajo Zuja's Book Emporium.
 22840 | Orc:2    | Bought a shiny plate armour for 832 gold pieces
 22840 | Orc:2    | Bought a pitted chain mail for 304 gold pieces
 22840 | Orc:2    | Identified the +1 chain mail "Roqao" {rF+ rC- Dex+3 Slay+2}
                  | (You bought it in a shop on level 2 of the Orcish Mines)
 23192 | D:14     | Reached skill level 21 in Fighting
 23224 | D:14     | Identified the +9 triple sword "Beetlebane" {spect, Will+
                  | Str+5 Dex+5} (Okawaru gifted it to you on level 14 of the
                  | Dungeon)
 23224 | D:14     | Received a gift from Okawaru
 23862 | Spider:1 | Entered Level 1 of the Spider Nest
 24236 | Spider:1 | Received a gift from Okawaru
 24241 | Spider:1 | Reached XP level 16. HP: 167/167 MP: 21/21
 24523 | Spider:1 | Identified the +2 pair of boots of Xukixzy {Int+3} (Okawaru
                  | gifted it to you on level 1 of the Spider Nest)
 24523 | Spider:1 | Received a gift from Okawaru
 24584 | Spider:1 | Noticed Donald
 24596 | Spider:1 | Killed Donald
 24715 | Spider:1 | Noticed Roxanne
 24782 | Spider:1 | Got the Exposition on Phlogiston and the Hornet
 25215 | Spider:2 | Identified the +5 broad axe of the Invisible Quests {drain,
                  | Stlth+}
 26820 | Spider:3 | Reached skill level 15 in Armour
 26824 | Spider:3 | Received a gift from Okawaru
 26960 | Spider:4 | Entered Level 4 of the Spider Nest
 27508 | Spider:3 | Received a gift from Okawaru
 27951 | Spider:4 | Reached skill level 10 in Dodging
 28034 | Spider:4 | Identified the ring of Disirpha {Wiz rElec rN+}
 28062 | Spider:4 | Reached XP level 17. HP: 173/173 MP: 22/22
 28226 | Spider:4 | Identified the +0 pair of boots "Dooc" {rN+} (Okawaru
                  | gifted it to you on level 4 of the Spider Nest)
 28226 | Spider:4 | Received a gift from Okawaru
 28407 | Spider:4 | Noticed Arachne
 28423 | Spider:4 | Killed Arachne
 28740 | Spider:4 | Got a gossamer rune of Zot
 28927 | Spider:4 | Reached skill level 22 in Fighting
 29442 | Shoals:1 | Entered Level 1 of the Shoals
 29497 | Shoals:1 | Found Vatun's Armour Emporium.
 29630 | Shoals:1 | Found Hoinuzad's Magic Scroll Shop.
 29637 | Shoals:1 | Found Tisesec's Book Shop.
 29642 | Shoals:1 | Bought a scroll of identify for 34 gold pieces
 29642 | Shoals:1 | Bought a scroll of fog for 68 gold pieces
 29642 | Shoals:1 | Bought a scroll of teleportation for 51 gold pieces
 29642 | Shoals:1 | Bought a scroll of identify for 34 gold pieces
 29642 | Shoals:1 | Bought a scroll of identify for 34 gold pieces
 29735 | Shoals:1 | Received a gift from Okawaru
 29930 | Shoals:1 | Found Uzuexum's Weapon Shop.
 29976 | Shoals:1 | Found Vaaz's Distillery.
 29985 | Shoals:1 | Bought a potion of curing for 36 gold pieces
 29985 | Shoals:1 | Bought a potion of haste for 120 gold pieces
 29985 | Shoals:1 | Bought a potion of heal wounds for 60 gold pieces
 29985 | Shoals:1 | Bought a potion of might for 48 gold pieces
 29985 | Shoals:1 | Bought 2 potions of heal wounds for 120 gold pieces
 29985 | Shoals:1 | Bought a potion of haste for 120 gold pieces
 29985 | Shoals:1 | Bought a potion of might for 48 gold pieces
 29985 | Shoals:1 | Bought a potion of heal wounds for 60 gold pieces
 30227 | Shoals:2 | Reached skill level 23 in Fighting
 30333 | Shoals:2 | Received a gift from Okawaru
 30642 | Shoals:2 | Noticed a kraken
 30650 | Shoals:2 | Killed a kraken
 30984 | Shoals:2 | Reached skill level 15 in Maces & Flails
 31202 | Shoals:3 | Identified the scarf of Starshine {harm, rF- rN++ Dex+5}
                  | (Okawaru gifted it to you on level 3 of the Shoals)
 31202 | Shoals:3 | Received a gift from Okawaru
 31362 | Shoals:3 | Noticed Ilsuiw
 31397 | Shoals:3 | Killed Ilsuiw
 31553 | Shoals:3 | Reached XP level 18. HP: 181/188 MP: 23/23
 31888 | Shoals:4 | Entered Level 4 of the Shoals
 31976 | Shoals:4 | Reached skill level 15 in Throwing
 32119 | Shoals:4 | Identified the ring "Plog" {Fire Will+ Str+3}
 32313 | Shoals:4 | Identified the +2 hat "Foqarux" {+Blink}
 32374 | Shoals:4 | Reached skill level 1 in Evocations
 32381 | Shoals:4 | Received a gift from Okawaru
 32535 | Shoals:4 | Got a barnacled rune of Zot
 33021 | D:15     | Entered Level 15 of the Dungeon
 33158 | D:15     | Reached skill level 5 in Evocations
 33237 | D:15     | Found a runed translucent gate.
 33237 | D:15     | Found a runed translucent gate.
 33238 | D:15     | Found a runed translucent gate.
 33239 | D:15     | Identified the +8 chain mail "Tavihiz" {-Cast Rampage rElec
                  | rF+}
 33239 | D:15     | Noticed Twinkles's ghost (journeyman DrSh)
 33563 | D:15     | Reached skill level 5 in Shields
 33569 | D:15     | Received a gift from Okawaru
 33610 | D:15     | Found a staircase to the Depths.
 33860 | D:15     | Received a gift from Okawaru
 33900 | D:15     | Found a sacrificial altar of Ru.
 33969 | D:15     | Identified the +6 dagger of the Inferno {freeze, *Rage
                  | Int+5 Dex+2}
 34017 | D:15     | Killed Twinkles's ghost
 34428 | D:2      | Killed Crazy Yiuf
 34694 | Lair:5   | Received a gift from Okawaru
 34885 | Vaults:1 | Entered Level 1 of the Vaults
 35028 | Vaults:1 | Identified the +0 pair of gloves "Imnalit" {Int+2 Dex+3}
                  | (Okawaru gifted it to you on level 1 of the Vaults)
 35028 | Vaults:1 | Received a gift from Okawaru
 35088 | Vaults:1 | Reached skill level 10 in Shields
 35177 | Vaults:1 | Reached XP level 19. HP: 167/195 MP: 24/24
 35763 | Vaults:1 | Identified the +8 flail of the Inquisitive Mice {venom, rC+
                  | Dex+4}
 36669 | Vaults:2 | Noticed Margery
 36694 | Vaults:2 | Killed Margery
 36698 | Vaults:2 | Received a gift from Okawaru
 36856 | Vaults:2 | Received a gift from Okawaru
 37104 | Vaults:2 | Received a gift from Okawaru
 37282 | Vaults:2 | Reached skill level 24 in Fighting
 37412 | Vaults:2 | Received a gift from Okawaru
 37447 | Vaults:2 | Paralysed by a great orb of eyes for 4 turns
 37531 | Vaults:2 | Received a gift from Okawaru
 38108 | Vaults:3 | Reached skill level 25 in Fighting
 38231 | Vaults:3 | Got Hihiss's Volume of the Lethal Pyromaniac
 38372 | Vaults:3 | Reached XP level 20. HP: 211/211 MP: 25/25
 38407 | Vaults:3 | Identified the +9 flail "Qighaeh" {speed, Fly}
 38780 | Vaults:3 | Found Weiwk's General Store.
 38794 | Vaults:3 | You fall into a shaft and drop 1 floor!
 39135 | Vaults:3 | Reached skill level 26 in Fighting
 39195 | Vaults:3 | Found a staircase to the Crypt.
 39280 | Vaults:3 | Received a gift from Okawaru
 40066 | Vaults:4 | Reached skill level 27 in Fighting
 40155 | Vaults:4 | Noticed Saint Roka
 40178 | Vaults:4 | Killed Saint Roka
 40237 | Vaults:4 | Found Fuomiept's Assorted Antiques.
 40657 | Vaults:4 | Received a gift from Okawaru
 41024 | Depths:1 | Entered Level 1 of the Depths
 41406 | Depths:1 | Found a gateway to Hell.
 41551 | Depths:1 | Found a one-way gate leading to the halls of Pandemonium.
 41557 | Depths:1 | Identified the +1 pair of gloves of the Durable Slorg {rF-
                  | rCorr Str-4 Slay+5} (Okawaru gifted it to you on level 1 of
                  | the Depths)
 41557 | Depths:1 | Received a gift from Okawaru
 41561 | Depths:1 | Gained mutation: You are clumsy. (Dex -2) [a cacodemon]
 41563 | Depths:1 | Gained mutation: You are partially covered in iridescent
                  | scales. (AC +2) [a cacodemon]
 41709 | Depths:1 | Found a white marble altar of Elyvilon.
 41970 | Depths:1 | Found a one-way gate to the infinite horrors of the Abyss.
 42141 | Depths:1 | Reached XP level 21. HP: 224/224 MP: 26/26
 42342 | Depths:2 | Found Ymeeppun's Weapon Shop.
 42347 | Depths:2 | Found Wiot's Antique Armour Shop.
 42364 | Depths:2 | Bought a glowing plate armour for 1066 gold pieces
 42954 | Depths:2 | Received a gift from Okawaru
 43154 | Depths:2 | Noticed a juggernaut
 43168 | Depths:2 | Killed a juggernaut
 44514 | Depths:3 | Received a gift from Okawaru
 44933 | Depths:3 | Reached skill level 10 in Invocations
 45104 | Depths:3 | Received a gift from Okawaru
 45172 | Depths:4 | Entered Level 4 of the Depths
 45175 | Depths:4 | Found a one-way gateway to a ziggurat.
 45345 | Depths:4 | Noticed Parghit
 45374 | Depths:4 | Killed Parghit
 45375 | Depths:4 | Reached XP level 22. HP: 188/228 MP: 21/29
 45485 | Depths:4 | Found a portal to a secret trove of treasure.
 45653 | Depths:4 | Found a gate to the Realm of Zot.
 45653 | Depths:4 | Noticed a golden dragon
 45689 | Depths:4 | Killed a golden dragon
 46209 | Depths:4 | Identified the +1 long sword of Temperance {freeze, *Noise
                  | +Blink rF+++ Stlth-}
 46421 | Depths:3 | Noticed a dread lich
 46440 | Depths:4 | Paralysed by a dread lich for 2 turns
 46443 | Depths:4 | Killed a dread lich
 46443 | Depths:4 | Received a gift from Okawaru
 46533 | Depths:3 | Identified the +2 steam dragon scales of the Merwolf {rN++
                  | Int-5}
 47036 | Vaults:5 | Entered Level 5 of the Vaults
 47117 | Vaults:5 | Noticed an ancient lich
 47117 | Vaults:5 | Noticed Sojobo
 47152 | Vaults:5 | Killed an ancient lich
 47202 | Vaults:5 | Noticed Frederick
 47202 | Vaults:5 | Identified the amulet "Ucugg" {Acrobat Will+}
 47216 | Vaults:5 | Received a gift from Okawaru
 47233 | Vaults:5 | Killed Frederick
 47254 | Vaults:5 | Paralysed by an air elemental for 1 turns
 47260 | Vaults:5 | Paralysed by an air elemental for 1 turns
 47278 | Vaults:5 | Paralysed by an air elemental for 1 turns
 47285 | Vaults:5 | Identified the +7 dire flail "Udal" {freeze, Fly rC+ Int+3}
                  | (Okawaru gifted it to you on level 5 of the Vaults)
 47285 | Vaults:5 | Received a gift from Okawaru
 47315 | Vaults:5 | Killed Sojobo
 47469 | Vaults:5 | Noticed an ancient lich
 47476 | Vaults:5 | Killed an ancient lich
 47568 | Vaults:5 | Reached XP level 23. HP: 218/240 MP: 31/31
 47586 | Vaults:5 | Identified the +0 quarterstaff "Hisekeask" {chaos, Str+5
                  | Int+3} (Okawaru gifted it to you on level 5 of the Vaults)
 47586 | Vaults:5 | Received a gift from Okawaru
 47630 | Vaults:5 | Reached skill level 1 in Necromancy
 47695 | Vaults:5 | Identified the +7 halberd of Cenianusirgh {flame, *Rage
                  | rElec rF+++ Int-2}
 48067 | Vaults:5 | Identified the +7 whip "Ikkicij" {freeze, Int+3 Stlth+}
 48101 | Vaults:5 | Reached skill level 5 in Necromancy
 48154 | Vaults:5 | Received a gift from Okawaru
 48263 | Vaults:5 | Got a silver rune of Zot
 48321 | Vaults:5 | Noticed a dread lich
 48328 | Vaults:5 | Killed a dread lich
 48328 | Vaults:5 | Received a gift from Okawaru
 48614 | Vaults:5 | Noticed Jory
 48636 | Vaults:5 | HP: 3/240 [vault warden/+3 war axe of electrocution (14)]
 48640 | Vaults:5 | Killed Jory
 48762 | Vaults:5 | Acquired a manual of Maces & Flails
 48834 | Vaults:5 | Found the +18 shield of the Gong {Loud rN+ Will+ rCorr
                  | EV-5}
 49037 | Vaults:5 | Got the Guide on Geomancy and the Scorpion
 49100 | Vaults:5 | Identified the +0 leather armour "Usualleo" {Drain Dex+4}
 49231 | Vaults:5 | Identified the staff of Yeast {+Blink rElec rF+ Will+ Dex-2
                  | Air}
 49292 | Vaults:5 | Found the +15 Maxwell's patent armour {-Cast -Tele rElec
                  | Will+ rCorr}
 49298 | Vaults:5 | Identified the +4 orcbow of Voclonut {drain, +Blink rC+
                  | Dex+5}
 49845 | Zot:1    | Entered Level 1 of the Realm of Zot
 50294 | Zot:4    | Noticed an orb of fire
 50344 | Zot:3    | Found a radiant altar of Vehumet.
 50373 | Zot:3    | Received a gift from Okawaru
 50485 | Zot:5    | Entered Level 5 of the Realm of Zot
 50614 | Zot:5    | Noticed an orb of fire
 50622 | Zot:5    | Gained mutation: You occasionally lose the ability to read
                  | scrolls when taking damage. [an orb of fire]
 50627 | Zot:5    | Gained mutation: You do not regenerate when monsters are
                  | visible. [an orb of fire]
 50631 | Zot:5    | Gained mutation: You are dopey. (Int -2) [an orb of fire]
 50640 | Zot:5    | Killed an orb of fire
 50640 | Zot:5    | Noticed an ancient lich
 50657 | Zot:5    | Killed an ancient lich
 50658 | Zot:5    | Noticed an orb of fire
 50668 | Zot:5    | Killed an orb of fire
 50669 | Zot:5    | Reached XP level 24. HP: 172/249 MP: 30/31
 50670 | Zot:5    | Noticed an orb of fire
 50680 | Zot:5    | Killed an orb of fire
 50681 | Zot:5    | Noticed an orb of fire
 50682 | Zot:5    | Gained mutation: You are frail. (-10% HP) [an orb of fire]
 50700 | Zot:5    | Killed an orb of fire
 50700 | Zot:5    | Noticed an orb of fire
 50709 | Zot:5    | Gained mutation: Your spells are a little easier to cast,
                  | but a little less powerful. [an orb of fire]
 50711 | Zot:5    | Gained mutation: You are very clumsy. (Dex -4) [an orb of
                  | fire]
 50716 | Zot:5    | Gained mutation: You are very frail. (-20% HP) [an orb of
                  | fire]
 50720 | Zot:5    | Gained mutation: You are extremely frail. (-30% HP) [an orb
                  | of fire]
 50721 | Zot:5    | Killed an orb of fire
 50731 | Zot:5    | Noticed an orb of fire
 50743 | Zot:5    | Killed an orb of fire
 50744 | Zot:5    | Lost mutation: You occasionally lose the ability to read
                  | scrolls when taking damage. [potion of mutation]
 50744 | Zot:5    | Lost mutation: Your spells are a little easier to cast, but
                  | a little less powerful. [potion of mutation]
 50744 | Zot:5    | Lost mutation: You are very clumsy. (Dex -4) [potion of
                  | mutation]
 50744 | Zot:5    | Gained mutation: Your skin changes colour to match your
                  | surroundings (Stealth+). [potion of mutation]
 50744 | Zot:5    | Noticed an orb of fire
 50752 | Zot:5    | Killed an orb of fire
 50755 | Zot:5    | Noticed an orb of fire
 50757 | Zot:5    | Gained mutation: You occasionally shout uncontrollably at
                  | your foes. [an orb of fire]
 50764 | Zot:5    | Killed an orb of fire
 50771 | Zot:5    | Noticed an ancient lich
 50775 | Zot:5    | Killed an ancient lich
 50779 | Zot:5    | Lost mutation: You are clumsy. (Dex -2) [potion of
                  | mutation]
 50779 | Zot:5    | Lost mutation: You are dopey. (Int -2) [potion of mutation]
 50779 | Zot:5    | Lost mutation: Your skin changes colour to match your
                  | surroundings (Stealth+). [potion of mutation]
 50779 | Zot:5    | Gained mutation: Your system is resistant to poisons.
                  | (rPois) [potion of mutation]
 50785 | Zot:5    | Lost mutation: Your system is resistant to poisons. (rPois)
                  | [potion of mutation]
 50785 | Zot:5    | Lost mutation: You are extremely frail. (-30% HP) [potion
                  | of mutation]
 50785 | Zot:5    | Lost mutation: You are very frail. (-20% HP) [potion of
                  | mutation]
 50785 | Zot:5    | Gained mutation: You have supernaturally acute eyesight.
                  | (SInv) [potion of mutation]
 50785 | Zot:5    | Gained mutation: Your spells are a little harder to cast,
                  | but a little more powerful. [potion of mutation]
 50785 | Zot:5    | Noticed a Killer Klown
 50789 | Zot:5    | Noticed an orb of fire
 50802 | Zot:5    | Gained mutation: Armour fits poorly on your strangely
                  | shaped body. [an orb of fire]
 50812 | Zot:5    | Killed an orb of fire
 50813 | Zot:5    | Lost mutation: Your spells are a little harder to cast, but
                  | a little more powerful. [potion of mutation]
 50813 | Zot:5    | Lost mutation: You occasionally shout uncontrollably at
                  | your foes. [potion of mutation]
 50813 | Zot:5    | Gained mutation: Your spells are a little harder to cast,
                  | but a little more powerful. [potion of mutation]
 50813 | Zot:5    | Gained mutation: You expend magic power (3 MP) to
                  | strengthen your wands. [potion of mutation]
 50814 | Zot:5    | Killed a Killer Klown
 50902 | Zot:5    | Lost mutation: Armour fits poorly on your strangely shaped
                  | body. [potion of mutation]
 50902 | Zot:5    | Lost mutation: You expend magic power (3 MP) to strengthen
                  | your wands. [potion of mutation]
 50902 | Zot:5    | Gained mutation: You are dopey. (Int -2) [potion of
                  | mutation]
 50902 | Zot:5    | Gained mutation: You passively dampen the noise of your
                  | surroundings. [potion of mutation]
 50915 | Zot:5    | Noticed an ancient lich
 50928 | Zot:5    | Killed an ancient lich
 51039 | Zot:5    | Noticed a Killer Klown
 51054 | Zot:5    | Killed a Killer Klown
 51100 | Zot:5    | Noticed a dread lich
 51109 | Zot:5    | Killed a dread lich
 51110 | Zot:5    | Reached skill level 10 in Evocations
 51111 | Zot:5    | Received a gift from Okawaru
 51281 | Zot:5    | Noticed a Killer Klown
 51296 | Zot:5    | Received a gift from Okawaru
 51312 | Zot:5    | Killed a Killer Klown
 51319 | Zot:5    | Got the Orb of Zot
 51375 | Zot:3    | Noticed an orb of fire
 51375 | Zot:3    | Identified the ring "Ydghyesil" {rF+ rC+}
 51398 | Zot:3    | Noticed Esideug the pandemonium lord
 51421 | Zot:2    | Noticed Sovonoo the pandemonium lord
 51584 | Depths:2 | Noticed a seraph
 51860 | D:8      | Noticed Gyqyshroy the pandemonium lord
 52059 | D:$      | Escaped with the Orb!

Illustrated notes

Levels and vault maps discovered:
D:1:      tarquinn_simple_flora_water_e, layout_basic, minivault_27
D:2:      layout_basic, chequers_ecumenical_altar_island, uniq_jessica,
          uniq_crazy_yiuf_cottage
D:3:      layout_basic, trog_book
D:4:      layout_cave_pods
D:5:      layout_loops_corners, minmay_temple_entry_mist
D:6:      layout_gridville
D:7:      layout_loops_ring, mainiacjoe_overflow_alcove_4
D:8:      layout_layer_cave, old_standard_altar
D:9:      layout_loops_cross, hellmonk_lair_entry_icy,
          kennysheep_orc_monster_closet_entryway
D:10:     layout_roguey, nicolae_overflow_hallway_of_the_gods,
          kennysheep_generic_room_9
D:11:     layout_layer_cave, portal_ice_cave_entry_pillars_1, serial_ice,
          serial_ice_d, serial_ice_o, serial_ice_l, serial_ice_n, serial_ice_m,
          serial_ice_g, serial_ice_f, minmay_misc_feat_columns, uniq_fannar
D:12:     layout_cave_pools, gammafunk_ghost_berserking_beasts,
          nicolae_uskayaw_en_pointe, uniq_frances, uniq_josephine
D:13:     layout_basic, hellmonk_vaults_order_and_chaos, uniq_nessos,
          uniq_erolcha, uniq_azrael
D:14:     layout_loops_cross, dk_noncrumbling_4
D:15:     gammafunk_enter_depths_forms, layout_loops_ring,
          biasface_ghost_orc_armoury, nicolae_ru_the_path_less_chosen
Lair:1:   layout_cave_pods
Lair:2:   layout_chaotic_city
Lair:3:   layout_cave_pods, minmay_shoals_entry_lonely_mermaid,
          spider_nest_entry_funnel_web, minmay_lair_oklob_items,
          serial_bayou_crossing
Lair:4:   statuecave_lemuel, layout_loops_ring, minivault_24,
          grunt_megastairs_2, infiniplex_staircase_pool, lemuel_fruit_tree
Lair:5:   wormcave, layout_concentric_octagons, slime_entry_2
Shoals:1: layout_shoals, serial_shops, nicolae_lakefront_shop, shop,
          shop_statue, shop_fountains, shop, nicolae_shoals_gull_way
Shoals:2: layout_shoals
Shoals:3: layout_shoals, uniq_ilsuiw
Shoals:4: shoals_end_hellmonk_lost_city, serial_shops
Spider:1: layout_spider_delve, einodemon_crawler_minivault, uniq_roxanne,
          uniq_donald
Spider:2: layout_cave_pods, nicolae_spider_nooks_and_crannies
Spider:3: layout_spider_delve
Spider:4: johnstein_spider_rune_arachne_lair, nicolae_spider_checkerboard
Orc:1:    layout_diamond_mine, basic_altar, guppyfry_orc_lava_fort
Orc:2:    kennysheep_orc_mage_school, layout_caves,
          nicolae_volcano_entry_s_turn, nicolae_orc_stony_grotto,
          nicolae_orc_sculptors_studio, mines3_lemuel
Vaults:1: nicolae_vaults_little_squares_6, hangedman_vaults_stream,
          ontoclasm_vaults_pinch, v_rooms_5, v_misc_24,
          nicolae_vaults_closet_pinwheel_5, hangedman_vaults_variations,
          nicolae_vaults_storage_room_water, st_lattice, layout_vaults_omnigrid
Vaults:2: v_pattern_1, v_misc_26, nicolae_vaults_trapezoid_lopsided_3,
          nicolae_vaults_little_squares_1, v_misc_3, v_rooms_6,
          nicolae_vaults_storage_closets_1, nicolae_vaults_sightless_eye,
          nicolae_vaults_trapezoid_4, nicolae_vaults_little_squares_4,
          vaults_room_pool, vaults_room_hallway, layout_vaults_omnicross,
          uniq_margery
Vaults:3: ontoclasm_vaults_idyll, minmay_crypt_entry_skeletal_spiral,
          nicolae_vaults_shipping_containers_7, vaults_room_pools,
          vaults_mumra_lcd, vaults_room_grid, v_alt_pattern_2, v_misc_19,
          hangedman_vaults_stretched_pinwheel, v_misc_15,
          nicolae_vaults_doubleplus_tesselated, grunt_vaults_hallway_long,
          layout_vaults_maze_bifur, serial_shops, shop
Vaults:4: ontoclasm_vaults_ring_large, hangedman_vaults_corner_blocks,
          grunt_vaults_funnel, nicolae_vaults_tetromino_L_1,
          ontoclasm_vaults_ligature, ontoclasm_vaults_spin, v_misc_26,
          v_alt_pattern_6, nicolae_vaults_closet_pinwheel_6,
          nicolae_vaults_theta, v_misc_5, ontoclasm_vaults_gateway,
          nicolae_vaults_layer_cake_slice, v_misc_19,
          nicolae_vaults_variable_pillar_hall, nicolae_vaults_house_1,
          v_misc_15, layout_vaults_omnibox, serial_shops, shop, uniq_saint_roka
Vaults:5: uniq_jory, uniq_frederick, uniq_sojobo
Depths:1: layout_roguey, abyss_entry, grunt_hell_entry_dis_mu,
          grunt_pan_entry_in_and_out, serial_sigils_hangedman_clutch,
          elyvilon_altar_1, firewood_loft
Depths:2: kennysheep_snake, layout_basic, abyss_entry, pan_entry, hell_entry,
          infiniplex_staircase_trident, grunt_megastairs_3, minmay_shop_star
Depths:3: minmay_skeletal_surprise, layout_honeycomb, rand_demon_pan_entry_8,
          serial_sigils, serial_sigils_hangedman_scratch,
          serial_sigils_hangedman_writhe, serial_sigils_hangedman_confine,
          serial_sigils_hangedman_shear, serial_sigils_hangedman_carve,
          abyss_entry_small_statue_room, pf_hell_entry_tar_river,
          serial_bayou_shore_a
Depths:4: grunt_x_marks_the_spot, layout_basic, enter_ziggurat_e, hell_entry,
          enter_trove_2, minmay_room_of_horrors, hangedman_corner_corridor,
          uniq_parghit
Zot:1:    layout_cathedral_of_symmetry, grunt_megastairs_4
Zot:2:    layout_misc_corridors
Zot:3:    gammafunk_sealed_library, layout_gridville
Zot:4:    layout_cellular_growth, st_single_dragon_hoard_4, st_stairs_1,
          lemuel_elevator
Zot:5:    layout_basic, ebering_ghost_inner_flame

Skill      XL: |  1  2  3  4  5  6  7  8  9 10 11 12 13 14 15 16 17 18 19 20 21 22 23 24 |
---------------+-------------------------------------------------------------------------+-----
Long Blades    | 7 8 |  8.0
Armour         | 2 4 5 6 9 11 13 16 17 18 20 | 20.0
Fighting       | 5 6 8 12 15 16 17 19 21 23 25 27 | 27.0
Maces & Flails | 4 7 10 12 14 16 20 | 20.0
Invocations    | 1 4 6 8 10 12 | 12.0
Dodging        | 4 5 8 10 11 | 11.4
Throwing       | 2 6 10 12 14 16 17 20 22 | 22.0
Shields        | 4 10 14 | 14.0
Evocations     | 5 8 12 | 12.0
Necromancy     | 8 |  8.4

Action                     |  1- 3 |  4- 6 |  7- 9 | 10-12 | 13-15 | 16-18 | 19-21 | 22-24 || total
---------------------------+-------+-------+-------+-------+-------+-------+-------+-------++-------
  Melee: Falchion          |    53 |   120 |     5 |       |       |       |       |       ||   178
         Headbutt          |     7 |    15 |    31 |   152 |   354 |   336 |   814 |   529 ||  2238
         Demon whip        |       |     1 |   218 |   593 |  1269 |  1387 |  2302 |   735 ||  6505
         Eveningstar       |       |       |       |       |       |       |       |   870 ||   870
  Throw: Dart              |       |       |       |     4 |    12 |    62 |     3 |       ||    81
         Boomerang         |       |       |       |       |   170 |   105 |    20 |    66 ||   361
         Stone             |       |       |       |       |    56 |       |       |       ||    56
         Javelin           |       |       |       |       |       |    16 |    25 |    14 ||    55
 Invoke: Heroism           |       |     1 |       |     5 |     6 |     8 |    11 |    13 ||    44
         Finesse           |       |       |       |       |     1 |     3 |     5 |     9 ||    18
Ability: Evoke Blink       |       |       |       |       |       |       |     2 |       ||     2
  Evoke: Wand              |       |       |       |       |       |     1 |       |     3 ||     4
         Tin of tremorston |       |       |       |       |       |     1 |     4 |       ||     5
    Use: Potion            |       |     1 |       |       |     1 |       |     1 |    26 ||    29
         Scroll            |       |       |    12 |     8 |     9 |    14 |     6 |    13 ||    62
   Stab: Invisible         |       |       |       |       |     2 |       |       |       ||     2
         Distracted        |       |       |       |       |       |     1 |       |     1 ||     2
 Armour: Leather armour    |     6 |       |       |       |       |       |       |       ||     6
         Chain mail        |     8 |    51 |    58 |   123 |       |    62 |   839 |     7 ||  1148
         Plate armour      |       |       |       |    40 |   533 |   753 |       |       ||  1326
         Gold dragon scale |       |       |       |       |       |       |       |   879 ||   879
  Dodge: Dodged            |    15 |    39 |    74 |   131 |   324 |   552 |   619 |   300 ||  2054
  Block: Buckler           |     8 |    17 |    30 |    73 |   185 |   195 |       |       ||   508
         Kite shield       |       |       |       |       |       |   100 |   892 |   650 ||  1642

Table legend: (Time is in decaauts)
 A = Elapsed time spent in this place.
 B = Non-inter-level travel time spent in this place.
 C = Inter-level travel time spent in this place.
 D = Time resting spent in this place.
 E = Time spent auto-exploring this place.
 F = Levels seen in this place.
 G = Mean time per level.
                   A        B        C        D        E       F      G
               +--------+--------+--------+--------+--------+-----+--------+
         Total |  48988 |  44055 |   4933 |   8153 |  24238 |  46 | 1065.0 |
       Dungeon |  15882 |  13425 |   2457 |   2096 |   8868 |  15 | 1058.8 |
          Lair |   7064 |   6481 |    583 |   1609 |   3605 |   5 | 1412.8 |
        Shoals |   3324 |   3163 |    161 |    412 |   1733 |   4 |  831.0 |
   Spider Nest |   5284 |   4914 |    370 |   1461 |   2384 |   4 | 1321.0 |
  Orcish Mines |   2007 |   1880 |    127 |     73 |   1274 |   2 | 1003.5 |
        Vaults |   7818 |   7229 |    589 |   1124 |   3924 |   5 | 1563.6 |
        Depths |   5431 |   4839 |    592 |    576 |   2445 |   4 | 1357.8 |
           Zot |   1477 |   1425 |     52 |    613 |      0 |   5 |  295.4 |
      Ice Cave |    532 |    532 |      0 |    187 |      4 |   1 |  532.0 |
       Volcano |    164 |    164 |      0 |      0 |      0 |   1 |  164.0 |
               +--------+--------+--------+--------+--------+-----+--------+

Top non-repeatable levels by time:
Vaults:5: 2127 daAuts
  Lair:3: 2126 daAuts
Depths:2: 1774 daAuts
Vaults:1: 1770 daAuts
     D:8: 1673 daAuts
Spider:4: 1635 daAuts
Spider:3: 1509 daAuts
     D:9: 1447 daAuts
  Lair:5: 1410 daAuts
Vaults:4: 1369 daAuts
Depths:3: 1326 daAuts
Vaults:2: 1291 daAuts
    D:15: 1276 daAuts
  Lair:1: 1260 daAuts
Vaults:3: 1260 daAuts
